 Dungeon Crawl Stone Soup version 0.28-a0-925-gd5e1996cdb (webtiles) character file.

Game seed: 18151066611117247845

51 kae the Skirmisher (level 3, -1/30 HPs)
             Began as a Demonspawn Abyssal Knight on Nov 26, 2021.
             Was a Believer of Lugonu.
             Succumbed to a goblin's poison
             ... on level 1 of the Dungeon.
             The game lasted 00:02:21 (2576 turns).

kae the Skirmisher (Demonspawn Abyssal Knight)      Turns: 2576, Time: 00:02:21

Health: -1/30      AC: 14    Str: 14    XL:     3   Next: 57%
Magic:  5/5        EV:  1    Int: 11    God:    Lugonu [**....]
Gold:   70         SH:  7    Dex: 13    Spells: 2/2 levels left

rFire   . . .      SeeInvis .   a - +1 mace
rCold   . . .      Faith    .   f - +0 kite shield
rNeg    . . .      Spirit   .   b - +2 plate armour
rPois   .          Reflect  .   (no helmet)
rElec   .          Harm     .   (no cloak)
rCorr   .          Rampage  .   (no gloves)
Will    .....                   (no boots)
Stlth   ..........              (no amulet)
HPRegen 0.10/turn               (no ring)
MPRegen 0.09/turn               (no ring)

@: lethally poisoned (-1 -> -8)
A: rugged brown scales 2
a: Renounce Religion, Depart the Abyss, Bend Space


You were on level 1 of the Dungeon.
You worshipped Lugonu.
Lugonu was pleased with you.
You visited 1 branch of the dungeon, and saw 2 of its levels.
You visited the Abyss 1 time.

You collected 70 gold pieces.

Inventory:

Hand Weapons
 a - a +1 mace (weapon)
Armour
 b - a +2 plate armour (worn)
 f - a +0 kite shield (worn)
 i - a +0 ring mail
Scrolls
 d - a scroll of blinking {unknown}
 e - a scroll of identify
Potions
 c - a potion of might


   Skills:
 + Level 3.3 Fighting
 * Level 2.4 Maces & Flails
 + Level 2.1 Armour
 + Level 1.4 Dodging
 + Level 3.1 Invocations


You had 2 spell levels left.
You didn't know any spells.
Your spell library was empty.

Dungeon Overview and Level Annotations

Branches:
Dungeon (2/15)

Altars:

Annotations:
D:2 Robin, Terence


Innate Abilities, Weirdness & Mutations

You are mostly covered in rugged brown scales. (AC +2, +5% HP)


Message History

Lugonu accepts your kill.
You see here a +0 club.
You start resting.
HP restored.
There is a stone staircase leading down here.
You climb downwards.
Level annotation: Robin, Terence The goblin hits you but does no damage.
There is a stone staircase leading up here.
You hit the goblin.
The goblin is moderately wounded.
The goblin hits you but does no damage.
You are poisoned.
The goblin hits you but does no damage.
You are more poisoned.
You barely miss the goblin.
The goblin is moderately wounded.
You feel extremely sick. The goblin hits you but does no damage.
You are lethally poisoned!
You sock the goblin!
You kill the goblin!
Lugonu accepts your kill.
You feel extremely sick.
You are too injured to fight recklessly!
You feel very sick.
The hobgoblin hits you but does no damage.
You climb upwards.
* * * LOW HITPOINT WARNING * * *
You feel very sick.
There is a stone staircase leading down here.
Okay, then.
Your shield and plate armour prevent you from hitting the hobgoblin.
* * * LOW HITPOINT WARNING * * *
You feel very sick. The hobgoblin hits you.
* * * LOW HITPOINT WARNING * * *
The hobgoblin hits you but does no damage.
You closely miss the hobgoblin.
You die...

)...⌠...##...###..####### #.#
........##.#.###..# ##.
........##.#..##..## #.#
....###.##.....(...# ###.
........##..#..#.#############..#
...†###.##..##.................#.
..#####.##........###......####.#
.†####.......##g..###.####.# ##.
..##...##.##....@).......#.# #.#
...#.#.##.##.##.##.......#.# ##.
##.#.#.)........##.###)###.# #.#
##.#.#..#..#....#........#.# ##.
...#......#..#..#.####.#.#.# ##
####...................#...#
#.####.##.#..##..########
#.####.##..#.##..#
#................#


You could see a hobgoblin.

Vanquished Creatures
  An adder (D:2)
  A dart slug (D:1)
  4 endoplasms
  A giant cockroach (D:2)
  4 hobgoblins (D:1)
  5 kobolds
  2 quokkas (D:2)
  2 ball pythons (D:1)
  3 bats
  10 goblins
33 creatures vanquished.

Notes
Turn   | Place    | Note
-------+----------+-------------------------------------------
     0 | Abyss:1  | kae the Demonspawn Abyssal Knight began the quest for the
                  | Orb.
     0 | Abyss:1  | Reached XP level 1. HP: 18/18 MP: 2/2
    51 | Abyss:1  | Noticed a large abomination
    53 | D:1      | Escaped the Abyss
   181 | D:1      | Reached skill level 1 in Dodging
   405 | D:1      | Gained mutation: You are partially covered in rugged brown
                  | scales. (AC +1, +3% HP) [demonic ancestry]
   405 | D:1      | Reached XP level 2. HP: 7/24 MP: 3/3
   993 | D:1      | Found a faded altar of an unknown god.
  1477 | D:2      | Gained mutation: You are mostly covered in rugged brown
                  | scales. (AC +2, +5% HP) [demonic ancestry]
  1477 | D:2      | Reached XP level 3. HP: 23/30 MP: 5/5
  1664 | D:2      | Reached ** piety under Lugonu
  1731 | D:2      | Noticed Terence
  2372 | D:2      | Noticed Robin
  2576 | D:1      | Succumbed to a goblin's poison

Illustrated notes

Levels and vault maps discovered:
D:1:      eino_arrival_cavern_e, layout_basic,
          hellmonk_ecumenical_altar_pennies_from_heaven, minivault_23,
          st_stairs_8, solitary_fountain, hangedman_abyss_or_decor_lesser_grid,
          minmay_tall_x
D:2:      layout_basic, uniq_jessica, uniq_robin, uniq_terence

Skill      XL: |  1  2 |
---------------+-------+-----
Dodging        | 1 |  1.4
Maces & Flails | 2 |  2.4
Armour         | 2 |  2.1
Invocations    | 3 |  3.1
Fighting       | |  3.3

Action                   || total
-------------------------++-------
Melee: Mace              ||   128
Invok: Bend Space        ||     2
  Use: Scroll            ||     4
       Potion            ||     2
 Stab: Sleeping          ||     2
Armor: Leather armour    ||    19
       Plate armour      ||    82
Dodge: Dodged            ||    49
Block: Kite shield       ||    15

Table legend: (Time is in decaauts)
 A = Elapsed time spent in this place.
 B = Non-inter-level travel time spent in this place.
 C = Inter-level travel time spent in this place.
 D = Time resting spent in this place.
 E = Time spent auto-exploring this place.
 F = Levels seen in this place.
 G = Mean time per level.
                   A        B        C        D        E       F      G
               +--------+--------+--------+--------+--------+-----+--------+
         Total |   2625 |   2461 |    164 |    432 |   1440 |   3 |  875.0 |
       Dungeon |   2572 |   2408 |    164 |    432 |   1393 |   2 | 1286.0 |
         Abyss |     53 |     53 |      0 |      0 |     47 |   1 |   53.0 |
               +--------+--------+--------+--------+--------+-----+--------+

Top non-repeatable levels by time:
     D:1: 1871 daAuts
     D:2: 700 daAuts
 Abyss:1: 53 daAuts
